Map: [ESL] Tropical Sacrifice

Players

Nina

  • Race: Protoss Protoss
  • Spawn Location: 1:00

Scarlett - Winner!

  • Race: Zerg Zerg
  • Spawn Location: 7:00

Event: DreamHack SC2 Masters 2022 Atlanta (Online)

VOD

Have the link to the VOD?

Description

Time

  • Played on: Oct. 4, 2022, 5:44 p.m.
  • Length: 12:21

All games in this series

Show
View Real Time Build Order
Export as new Build Order

Nina Protoss 

Build Orders: 1 Gate Expand, Zealot Archon, Dark Templar Rush 

Get SALT Encoding   

  12  0:00  Probe  
  13  0:12  Probe  
  14  0:21  Pylon  
  14  0:24  Probe  
  15  0:39  Probe (Chrono Boost)  
  15  0:42  Gateway  
  16  0:49  Probe (Chrono Boost)  
  17  0:54  Probe (Chrono Boost)  
  17  0:55  Assimilator  
  18  1:05  Probe  
  19  1:18  Probe  
  20  1:29  Nexus  
  20  1:41  Cybernetics Core  
  20  1:42  Probe  
  22  1:54  Probe  
  22  1:55  Assimilator  
  22  2:02  Pylon  
  22  2:06  Probe  
  23  2:19  Adept  
  23  2:20  Warp Gate, Probe (Chrono Boost)  
  26  2:28  Probe (Chrono Boost)  
  27  2:33  Twilight Council  
  27  2:35  Probe (Chrono Boost)  
  27  2:46  Probe (Chrono Boost)  
  27  2:47  Probe (Chrono Boost)  
  27  2:49  Adept  
  31  2:55  Probe (Chrono Boost)  
  31  2:56  Probe (Chrono Boost)  
  33  3:00  Probe (Chrono Boost)  
  33  3:04  Robotics Facility  
  34  3:08  Probe (Chrono Boost)  
  35  3:15  Probe (Chrono Boost)  
  35  3:18  Dark Shrine  
  37  3:22  Probe (Chrono Boost)  
  37  3:23  Gateway  
  37  3:24  Probe (Chrono Boost)  
  38  3:31  Probe  
  38  3:33  Adept  
  41  3:34  Probe  
  41  3:41  Pylon  
  42  3:43  Probe  
  44  3:48  Probe  
  44  3:51  Warp Prism (Chrono Boost)  
  46  3:59  Probe, Pylon  
  46  4:01  Probe  
  48  4:11  Adept, Probe  
  48  4:13  Probe  
  52  4:18  Pylon  
  52  4:24  Nexus, Probe  
  52  4:27  Probe  
  54  4:34  Observer  
  54  4:35  Dark Templar x2  
  59  4:38  Archon  
  59  4:40  Shield Battery, Probe  
  59  4:41  Probe  
  59  4:44  Assimilator  
  61  4:50  Assimilator  
  61  4:53  Probe  
  61  4:59  Pylon  
  62  5:00  Immortal  
  62  5:03  Probe  
  62  5:06  Probe  
  68  5:07  Stalker  
  68  5:13  Pylon  
  70  5:17  Probe (Chrono Boost)  
  70  5:18  Stalker  
  74  5:24  Probe (Chrono Boost)  
  74  5:28  Probe (Chrono Boost)  
  75  5:32  Probe (Chrono Boost)  
  75  5:33  Probe (Chrono Boost)  
  75  5:37  Probe (Chrono Boost)  
  75  5:39  Stalker  
  75  5:41  Immortal  
  82  5:43  Probe (Chrono Boost)  
  82  5:47  Forge  
  82  5:48  Sentry  
  82  5:49  Probe x2 (Chrono Boost)  
  87  5:53  Probe (Chrono Boost)  
  87  5:56  Probe x2 (Chrono Boost), Gateway  
  90  6:02  Probe (Chrono Boost)  
  90  6:03  Gateway  
  92  6:04  Sentry  
  92  6:06  Shield Battery  
  92  6:08  Probe (Chrono Boost)  
  95  6:11  Probe (Chrono Boost)  
  95  6:14  Gateway  
  95  6:16  Protoss Ground Weapons Level 1 (Chrono Boost), Sentry, Gateway, Probe  
  95  6:18  Probe, Assimilator  
  99  6:26  Robotics Bay  
  99  6:27  Assimilator  
  99  6:36  Probe  
  100  6:41  Pylon  
  100  6:42  Pylon  
  100  6:43  Pylon  
  100  6:56  Gateway  
  100  6:59  Immortal (Chrono Boost)  
  100  7:00  Stalker x3  
  110  7:01  Nexus  
  110  7:04  Stalker  
  112  7:13  Stalker x2  
  112  7:15  Probe  
  117  7:16  Pylon  
  117  7:18  Probe  
  117  7:20  Pylon  
  118  7:28  Pylon  
  118  7:29  Pylon  
  118  7:32  Stalker x3  
  118  7:33  Extended Thermal Lance  
  124  7:38  Stalker  
  129  7:49  Robotics Facility  
  128  7:55  Stalker x3  
  130  8:00  Stalker  
  130  8:04  Blink  
  132  8:11  Colossus (Chrono Boost)  
  127  8:16  Dark Templar x2  
  127  8:19  Zealot x4  
  133  8:22  Probe x2  
  133  8:23  Probe  
  136  8:30  Stalker  
  138  8:41  Gateway  
  138  8:43  Gateway  
  138  8:45  Pylon  
  138  8:46  Gateway  
  138  8:49  Stalker x2, Pylon  
  142  8:58  Colossus (Chrono Boost)  
  146  9:03  Probe x3  
  146  9:04  Probe  
  146  9:07  Forge  
  150  9:15  Probe, Pylon  
  153  9:24  Dark Templar x2  
  163  9:25  Colossus (Chrono Boost)  
  155  9:33  Pylon  
  155  9:36  Pylon  
  155  9:37  Pylon  
  152  9:43  Photon Cannon  
  152  9:45  Pylon x2  
  152  9:53  Pylon  
  152  9:56  Dark Templar x4  
  152  9:57  Dark Templar  
  160  10:02  Probe  
  159  10:10  Stalker  
  159  10:11  Stalker x3  
  159  10:14  Disruptor  
  159  10:17  Observer, Stalker x4  
  170  10:29  Dark Templar x2  
  166  10:36  Nexus  
  162  10:45  Stalker x4  
  162  10:47  Observer  
  164  10:53  Colossus  
  160  10:58  Stalker  
  148  11:07  Stalker x3  
  154  11:12  Pylon  
  154  11:18  Stalker x3  
  139  11:31  Stalker x4  
  121  11:40  Dark Templar  
  121  11:43  Stalker x2  
  114  11:48  Zealot x2  
  111  11:55  Stalker  
  111  11:56  Dark Templar  
  107  12:02  Stalker  
Show
View Real Time Build Order
Export as new Build Order

Scarlett Zerg - Winner!

Build Orders: Hatch First, Swarm Host 

Get SALT Encoding   

  12  0:00  Drone  
  13  0:12  Overlord  
  13  0:17  Drone  
  14  0:31  Drone x2  
  16  0:45  Drone  
  17  0:53  Hatchery  
  17  0:56  Drone  
  17  0:59  Drone  
  18  1:10  Extractor  
  17  1:14  Spawning Pool  
  17  1:18  Drone  
  17  1:21  Drone  
  18  1:28  Drone  
  19  1:39  Drone  
  20  1:49  Overlord  
  20  2:00  Queen  
  22  2:04  Zergling x2, Queen  
  22  2:05  Drone  
  26  2:14  Metabolic Boost  
  26  2:16  Drone x2  
  28  2:23  Drone  
  29  2:32  Drone x2  
  31  2:39  Hatchery  
  31  2:44  Drone  
  31  2:49  Drone x2  
  33  2:55  Overlord  
  33  3:00  Drone  
  33  3:04  Queen  
  36  3:06  Overlord  
  36  3:14  Drone x4  
  36  3:16  Drone x2  
  42  3:22  Queen  
  44  3:27  Drone  
  44  3:28  Drone x2  
  47  3:35  Zergling x2  
  47  3:39  Queen  
  47  3:40  Overlord  
  50  3:45  Roach Warren  
  50  3:47  Drone x2  
  51  3:53  Drone x4  
  55  3:57  Overlord  
  55  4:00  Queen  
  57  4:06  Overlord  
  57  4:08  Queen  
  59  4:12  Zergling x6  
  59  4:15  Zergling x4  
  64  4:22  Zergling x4  
  66  4:24  Spore Crawler  
  66  4:26  Spore Crawler  
  66  4:31  Lair  
  64  4:33  Zergling x4  
  64  4:34  Zergling x2  
  67  4:39  Drone x4  
  71  4:48  Drone  
  71  4:49  Drone x8  
  71  4:52  Spore Crawler  
  79  4:56  Overlord  
  79  4:57  Extractor x2  
  76  5:02  Overlord  
  76  5:04  Overlord  
  76  5:07  Extractor x2  
  76  5:08  Evolution Chamber  
  76  5:12  Overlord  
  73  5:18  Drone x8  
  73  5:19  Overlord  
  81  5:24  Roach x3  
  87  5:30  Roach x2  
  87  5:31  Roach  
  87  5:34  Drone  
  87  5:35  Drone x2  
  96  5:40  Zerg Missile Weapons Level 1  
  95  5:44  Drone x3, Extractor  
  95  5:49  Glial Reconstitution  
  97  5:50  Overseer  
  97  5:54  Drone x3  
  100  5:57  Infestation Pit  
  100  6:01  Overseer, Drone x3  
  103  6:11  Drone x2  
  103  6:12  Overlord  
  104  6:20  Hatchery  
  104  6:21  Overlord x3  
  103  6:41  Swarm Host x8  
  103  6:47  Swarm Host x2  
  127  6:50  Swarm Host  
  127  6:51  Overlord x2  
  136  6:55  Overlord  
  136  7:00  Roach x4  
  144  7:08  Overlord x3  
  143  7:13  Overseer  
  143  7:15  Drone  
  136  7:21  Zergling x6, Roach x5  
  136  7:22  Zergling x4  
  149  7:25  Roach  
  151  7:30  Roach x3  
  151  7:34  Roach x3  
  151  7:36  Ravager x4  
  167  7:52  Zerg Missile Weapons Level 2  
  167  7:54  Zergling x16  
  167  7:56  Nydus Network  
  171  8:04  Roach x8  
  187  8:12  Roach  
  169  8:13  Overseer  
  169  8:17  Roach x6  
  179  8:20  Roach  
  177  8:33  Roach x3  
  177  8:34  Roach x3, Overlord  
  187  8:51  Drone x5  
  187  8:53  Hydralisk Den  
  187  8:55  Overseer  
  187  8:57  Spore Crawler  
  187  8:58  Drone x4  
  172  9:07  Overseer  
  172  9:08  Pneumatized Carapace  
  172  9:09  Roach x10  
  192  9:13  Spore Crawler  
  192  9:14  Drone, Spine Crawler  
  192  9:15  Drone  
  192  9:19  Ravager x3  
  192  9:21  Nydus Canal  
  195  9:37  Ravager x2  
  195  9:38  Ravager  
  196  9:43  Overlord  
  196  9:44  Zergling x2, Roach  
  199  9:53  Overlord  
  197  10:02  Hive  
  197  10:03  Lurker Den  
  197  10:04  Extractor  
  197  10:05  Extractor  
  194  10:08  Nydus Canal  
  193  10:19  Drone  
  193  10:20  Drone x5  
  197  10:29  Hatchery  
  197  10:32  Nydus Canal  
  196  10:39  Roach x3  
  178  11:01  Roach x11  
  178  11:02  Roach x2  
  192  11:06  Roach x2  
  188  11:17  Zergling x34  
  191  11:19  Seismic Spines, Overlord  
  191  11:24  Evolution Chamber  
  182  11:27  Roach  
  182  11:29  Nydus Canal  
  160  11:33  Roach x7  
  160  11:38  Roach  
  160  11:39  Roach x3  
  172  11:41  Roach x3  
  170  11:54  Nydus Canal  
  170  11:57  Drone x2  
  170  11:58  Drone x5  
  183  12:11  Ravager  
  183  12:12  Ravager x2  
Tags
 
Add a new tag
Caveats
  • Supply blocks, unpowered buildings, or Contaminate may cause inaccurate times.
  • Supply counts are checked every 10 seconds.